 Dungeon Crawl Stone Soup version 0.28.0-45-g0d030f2227 (webtiles) character file.

Game seed: 4676639488059001840

14872 pkoi the Destroyer (level 11, -1/88 HPs)
             Began as a Demigod Conjurer on Apr 6, 2022.
             Slain by a boulder beetle (51 damage)
             ... on level 11 of the Dungeon.
             The game lasted 00:24:23 (16812 turns).

pkoi the Destroyer (Demigod Conjurer)              Turns: 16812, Time: 00:24:24

Health: -1/88      AC: 10    Str:  6    XL:     11   Next: 63%
Magic:  3/31       EV: 13    Int: 35    God:
Gold:   144        SH:  0    Dex: 12    Spells: 9/20 levels left

rFire   . . .      SeeInvis .   M - +2 short sword (venom)
rCold   . . .      Faith    .   (no shield)
rNeg    + + .      Spirit   .   P - +1 leather armour of Compassion {Harm rCorr Str-2}
rPois   .          Reflect  .   (no helmet)
rElec   .          Harm     +   I - +2 cloak
rCorr   +          Rampage  .   l - +0 pair of gloves
Will    ++...                   D - +0 pair of boots "Picwuuk" {rN++ Int+3 Slay-3}
Stlth   ++........              (no amulet)
HPRegen 0.24/turn               K - ring of magical power
MPRegen 0.22/turn               k - ring of willpower

@: no status effects
A: high MP 1, forlorn, divine attributes
a: no special abilities


You were on level 11 of the Dungeon.
You visited 1 branch of the dungeon, and saw 11 of its levels.

You collected 540 gold pieces.
You spent 396 gold pieces at shops.

Inventory:

Hand Weapons
 e - a +0 short sword of venom
 M - a +2 short sword of venom (weapon)
Missiles
 d - 2 throwing nets
 h - 23 poisoned darts
 j - 4 curare-tipped darts
Armour
 l - a +0 pair of gloves (worn)
 D - the +0 pair of boots "Picwuuk" (worn) {rN++ Int+3 Slay-3}
   (You bought it in a shop on level 6 of the Dungeon)

   Int:       It affects your intelligence (+3).
   Slay:      It affects your accuracy & damage with ranged weapons and melee
   (-3).
   rN:        It greatly protects you from negative energy.
 I - a +2 cloak (worn)
 J - +0 steam dragon scales
 P - the +1 leather armour of Compassion (worn) {Harm rCorr Str-2}
   (You found it on level 6 of the Dungeon)

   Str:       It affects your strength (-2).
   rCorr:     It protects you from acid and corrosion.
   Harm:      It increases damage dealt and taken.
Jewellery
 a - an amulet of regeneration
 i - a +4 ring of evasion
 k - a ring of willpower (right hand)
 n - a ring of see invisible
 o - a ring of protection from cold
 p - a ring of positive energy
 w - a ring of resist corrosion
 K - a ring of magical power (left hand)
Wands
 y - a wand of paralysis (2)
 H - a wand of iceblast (9)
 O - a wand of polymorph (5)
Scrolls
 b - a scroll of fog
 c - 3 scrolls of enchant armour
 q - 2 scrolls of teleportation
 r - 4 scrolls of immolation
 u - 4 scrolls of identify
 z - a scroll of summoning
 B - 3 scrolls of amnesia
 C - 2 scrolls of fear
 L - a scroll of blinking
 N - a scroll of silence
 Q - 3 scrolls of magic mapping
Potions
 f - 5 potions of mutation
 g - 2 potions of invisibility
 m - 2 potions of heal wounds
 s - a potion of magic
 t - a potion of resistance
 v - 2 potions of ambrosia
 x - 6 potions of curing
 A - 2 potions of haste
 E - a potion of attraction
 F - a potion of cancellation
 G - a potion of brilliance
 R - a potion of might {unknown}


   Skills:
 + Level 5.5 Fighting
 + Level 5.2 Armour
 + Level 6.0 Dodging
 - Level 1.7 Stealth
 * Level 5.0 Spellcasting
 + Level 9.5 Conjurations
 + Level 6.9 Hexes
 - Level 7.0 Translocations
 - Level 5.0 Evocations


You had 9 spell levels left.
You knew the following spells:

 Your Spells              Type           Power      Damage    Failure   Level
a - Magic Dart            Conj           100%       1d8       1%          1
b - Searing Ray           Conj           100%       2d8       1%          2
c - Iskenderun's Mystic   Conj/Tloc      61%        2d13      1%          4
d - Fulminant Prism       Conj/Hex       30%        3d16      1%          4

Your spell library contained the following spells:

 Spells                   Type           Power      Damage    Failure   Level
 Dazzling Flash           Conj/Hex       100%       N/A       1%          3
 Summon Guardian Golem    Hex/Summ       33%        N/A       4%          3
 Summon Small Mammal      Summ           32%        N/A       6%          1
 Call Canine Familiar     Summ           8%         N/A       19%         3


Dungeon Overview and Level Annotations

Branches:
Dungeon (11/15)            Temple (0/1) D:7
   Lair: D:8-11         Orc: D:9-12

Shops:
D:6 [


Innate Abilities, Weirdness & Mutations

You have an increased reservoir of magic. (+10% MP)
You shall have no god before yourself.
Your divine heritage dramatically boosts your attributes as you level up.


Message History

Unknown command.
Casting: Iskenderun's Mystic Blast (dangerous; 1% risk of failure)
Confirm with . or Enter, or press ? or * to list all spells.
You erupt in a blast of force!
The mystic blast hits the boulder beetle but does no damage.
The boulder beetle is lightly wounded.
The boulder beetle hits you!!
* * * LOW HITPOINT WARNING * * *
The boulder beetle stops rolling and uncurls.
Casting: Iskenderun's Mystic Blast (dangerous; 1% risk of failure)
Confirm with . or Enter, or press ? or * to list all spells.
You erupt in a blast of force!
The mystic blast hits the boulder beetle!
The boulder beetle is moderately wounded.
The boulder beetle is knocked back by the mystic blast.
The boulder beetle curls into a ball and begins rolling!
Casting: Iskenderun's Mystic Blast (dangerous; 1% risk of failure)
Confirm with . or Enter, or press ? or * to list all spells.
You erupt in a blast of force!
The mystic blast hits the boulder beetle but does no damage.
The boulder beetle is moderately wounded.
Unknown command.
Casting: Iskenderun's Mystic Blast (dangerous; 1% risk of failure)
Confirm with . or Enter, or press ? or * to list all spells.
You don't have enough magic to cast this spell.
Unknown command.
You barely miss the boulder beetle.
The boulder beetle is moderately wounded.
The boulder beetle barely misses you.
The boulder beetle stops rolling and uncurls.
You hit the boulder beetle.
The boulder beetle is poisoned.
The boulder beetle is moderately wounded.
The boulder beetle leaps!
The boulder beetle curls into a ball and begins rolling!
You hit the boulder beetle.
The boulder beetle looks as sick as possible!
The boulder beetle is heavily wounded.
The boulder beetle hits you!!!
Ouch! That really hurt!
You die... ...... ...###### PPP.

.............# ...P
............# P...P.P..#..#
#...........## ###..P...#..##
#............. +...P......#
#..°°......... #..P.......#
#.°...........
###....P.#...######°............
.PP.....+#......@B°.............
..P.P............#+####....####
.P.P.............#)...#....#
....P.######'#........#....#
....<........#........#....'...
...#.........#.....####....'...
#..#.........+.............####
#..###########..............
#........ ................


You could see a boulder beetle (rolling, extremely poisoned).

Vanquished Creatures
  Harold (D:9)
  Erica (D:9)
  5 two-headed ogres
  The ghost of TickTock the Chopper, a novice MiBe of Trog (D:6)
  Pikel (D:7)
  A cyclops (D:11)
  Maggie (D:9)
  2 kobold demonologists (D:10)
  3 trolls
  Grinder (D:4)
  2 hornets
  A vampire (D:10)
  15 yaks
  5 humans (D:7)
  3 water moccasins
  2 black bears
  3 orc warriors
  An ogre (D:6)
  A sky beast (D:6)
  4 centaurs
  3 lemures (D:7)
  2 bullfrogs
  3 kobold brigands
  A gnoll sergeant (D:10)
  2 water moccasin zombies
  4 scorpions
  A wyvern skeleton (D:6)
  A water moccasin skeleton (D:6)
  5 killer bees (D:9)
  A wight (D:9)
  6 howler monkeys
  A bullfrog zombie (D:5)
  A bullfrog skeleton (D:6)
  3 centaur zombies
  6 hounds
  4 orc priests
  A centaur skeleton (D:7)
  A gnoll shaman (D:9)
  3 iguanas
  5 orc wizards (D:8)
  2 killer bee zombies
  A hound zombie (D:5)
  4 howler monkey zombies
  23 gnolls
  7 adders
  3 white imps (D:6)
  A worm (D:3)
  5 dart slugs
  22 orcs
  8 endoplasms
  3 giant cockroaches
  8 goblins
  4 hobgoblins
  5 jackals
  20 kobolds
  3 quokkas
  4 ball pythons
  5 bats
  5 frilled lizards
  5 rats
246 creatures vanquished.

Vanquished Creatures (collateral kills)
  3 jackals (D:1)
3 creatures vanquished.

Vanquished Creatures (others)
  5 dream sheep (D:8)
  A yak (D:9)
  49 fulminant prisms
  3 fungi (D:11)
  3 plants (D:11)
61 creatures vanquished.

Grand Total: 310 creatures vanquished

Notes
Turn   | Place    | Note
-------+----------+-------------------------------------------
     0 | D:1      | pkoi the Demigod Conjurer began the quest for the Orb.
     0 | D:1      | Reached XP level 1. HP: 14/14 MP: 5/5
   358 | D:1      | Reached skill level 4 in Conjurations
   358 | D:1      | Reached XP level 2. HP: 10/20 MP: 2/7
   640 | D:1      | Learned a level 2 spell: Searing Ray
  1532 | D:2      | Reached XP level 3. HP: 26/26 MP: 7/9
  2186 | D:2      | Reached XP level 4. HP: 33/33 MP: 0/10
  2530 | D:2      | Reached skill level 5 in Conjurations
  2976 | D:3      | Learned a level 4 spell: Iskenderun's Mystic Blast
  3285 | D:3      | Reached XP level 5. HP: 38/38 MP: 9/12
  3804 | D:4      | Noticed Grinder
  3809 | D:4      | Paralysed by Grinder for 5 turns
  3877 | D:4      | Reached skill level 1 in Translocations
  4282 | D:4      | Killed Grinder
  4283 | D:4      | Reached skill level 6 in Conjurations
  4283 | D:4      | Reached XP level 6. HP: 45/45 MP: 3/13
  4365 | D:4      | Learned a level 4 spell: Fulminant Prism
  4748 | D:4      | Reached skill level 1 in Hexes
  5015 | D:4      | Reached XP level 7. HP: 50/50 MP: 8/14
  5797 | D:5      | Entered Level 5 of the Dungeon
  5977 | D:5      | Reached skill level 7 in Conjurations
  7484 | D:6      | Found a runed translucent gate.
  7484 | D:6      | Found a runed translucent gate.
  7484 | D:6      | Found a runed translucent gate.
  7484 | D:6      | Noticed TickTock's ghost (novice MiBe)
  7504 | D:6      | Reached XP level 8. HP: 54/57 MP: 8/15
  7565 | D:6      | Found Wihi's Antique Armour Emporium.
  8283 | D:6      | Reached skill level 1 in Evocations
  8476 | D:6      | Reached skill level 1 in Fighting
  8936 | D:7      | Found a staircase to the Ecumenical Temple.
  9020 | D:6      | Bought a pair of polished boots for 228 gold pieces
  9020 | D:6      | Identified the +0 pair of boots "Picwuuk" {rN++ Int+3
                  | Slay-3} (You bought it in a shop on level 6 of the Dungeon)
  9219 | D:7      | Noticed Pikel
  9230 | D:7      | Reached skill level 5 in Translocations
  9234 | D:7      | Reached skill level 1 in Armour
  9234 | D:7      | Killed Pikel
  9235 | D:7      | Reached skill level 8 in Conjurations
  9235 | D:7      | Reached XP level 9. HP: 68/68 MP: 5/16
 10034 | D:8      | Noticed a two-headed ogre
 10034 | D:8      | Noticed a two-headed ogre
 10255 | D:7      | Killed a two-headed ogre
 10256 | D:7      | Reached skill level 5 in Hexes
 10683 | D:8      | Killed a two-headed ogre
 11091 | D:8      | Reached XP level 10. HP: 77/77 MP: 3/18
 12078 | D:6      | Bought a fading leather armour for 168 gold pieces
 12078 | D:6      | Identified the +0 leather armour of Day {rF- rC+ Regen+
                  | Str+3} (You bought it in a shop on level 6 of the Dungeon)
 12204 | D:9      | Noticed Erica
 12210 | D:9      | Killed Erica
 12518 | D:9      | Noticed Harold
 12879 | D:9      | Killed Harold
 12888 | D:9      | Noticed Maggie
 13246 | D:9      | Killed Maggie
 13247 | D:9      | Reached skill level 5 in Dodging
 13247 | D:9      | Reached skill level 9 in Conjurations
 14379 | D:10     | Entered Level 10 of the Dungeon
 14379 | D:10     | Noticed a two-headed ogre
 14387 | D:10     | Killed a two-headed ogre
 14388 | D:10     | Reached XP level 11. HP: 85/85 MP: 2/19
 14797 | D:10     | Identified a scroll of acquirement
 14798 | D:10     | Acquired a ring of magical power
 15234 | D:10     | Reached skill level 5 in Evocations
 15371 | D:10     | Reached skill level 5 in Fighting
 15574 | D:10     | Noticed a two-headed ogre
 15582 | D:10     | Killed a two-headed ogre
 15867 | D:10     | Noticed a two-headed ogre
 15874 | D:10     | Killed a two-headed ogre
 16122 | D:6      | Killed TickTock's ghost
 16123 | D:6      | Reached skill level 5 in Armour
 16127 | D:6      | Identified the +1 leather armour of Compassion {Harm rCorr
                  | Str-2}
 16782 | D:11     | Reached skill level 5 in Spellcasting
 16795 | D:11     | Noticed a boulder beetle
 16812 | D:11     | Slain by a boulder beetle

Illustrated notes

Levels and vault maps discovered:
D:1:      saegor_arrival_simple_e, layout_basic, ebering_ecumenical_altar_mist
D:2:      minmay_inner_zag, layout_basic, kennysheep_generic_room_15
D:3:      layout_basic, minmay_misc_feat_iff
D:4:      layout_basic, minmay_distorted, uniq_grinder
D:5:      layout_loops_corners, gammafunk_temple_overflow_claw,
          jmf_multi_god_temple
D:6:      layout_rooms, mainiacjoe_overflow_concentric_impassable, serial_shops,
          shop, gammafunk_ghost_necromancy
D:7:      layout_basic, minmay_temple_entry_sparse_star, solitary_fountain,
          dk_noncrumbling_3, minmay_ruffians, uniq_pikel
D:8:      layout_rooms, kb_xom_exploding_sheep
D:9:      minmay_angry_zag, layout_loops_ring, uniq_harold, uniq_erica,
          uniq_maggie
D:10:     layout_roguey
D:11:     layout_irregular_city, grunt_lair_entry_orc_guard_hut,
          serial_column_ruins, column_ruins_circle_medium,
          column_ruins_square_medium, column_ruins_corridor_straight,
          column_ruins_open_tiny, column_ruins_open_tiny,
          column_ruins_columns_dead_end, column_ruins_open_tiny

Skill      XL: |  1  2  3  4  5  6  7  8  9 10 11 |
---------------+----------------------------------+-----
Spellcasting   | 2 3 5 |  5.0
Conjurations   | 4 5 6 7 8 9 |  9.5
Translocations | 2 4 5 6 7 |  7.0
Hexes          | 1 3 4 5 6 |  6.9
Dodging        | 3 4 5 6 |  6.0
Evocations     | 2 3 4 5 |  5.0
Fighting       | 2 3 4 5 |  5.5
Armour         | 1 3 4 5 |  5.2
Stealth        | |  1.7

Action                   |  1- 3 |  4- 6 |  7- 9 | 10-12 || total
-------------------------+-------+-------+-------+-------++-------
Melee: Unarmed           |    10 |       |       |       ||    10
       Short sword       |     8 |    19 |    23 |    45 ||    95
       Punch             |       |       |       |     1 ||     1
 Cast: Magic Dart        |    77 |    78 |    98 |    15 ||   268
       Searing Ray       |     1 |     8 |    28 |       ||    37
       Iskenderun's Myst |       |       |    18 |    77 ||    95
       Fulminant Prism   |       |       |    10 |    39 ||    49
  Use: Scroll            |     2 |     5 |    11 |     6 ||    24
       Potion            |       |     4 |       |     1 ||     5
 Stab: Sleeping          |       |     2 |       |       ||     2
Armor: Robe              |     3 |     2 |     8 |     2 ||    15
       Steam dragon scal |       |       |       |    20 ||    20
       Leather armour    |       |       |       |     1 ||     1
Dodge: Dodged            |    21 |    38 |    75 |    97 ||   231
